 Dungeon Crawl Stone Soup version 0.27-a0-412-g8dd771e (webtiles) character file.

Game seed: 16039340219179258050

4 MrTaco21 the Shield-Bearer (level 1, -1/14 HPs)
             Began as a Gargoyle Fighter on Feb 23, 2021.
             Slain by a gnoll
             ... wielding a +0 spear
              (2 damage)
             ... on level 1 of the Dungeon.
             The game lasted 00:01:14 (1177 turns).

MrTaco21 the Shield-Bearer (Gargoyle Fighter)       Turns: 1177, Time: 00:01:15

Health: -1/14      AC: 10    Str: 19    XL:     1   Next: 70%
Magic:  1/1        EV:  7    Int:  8    God:
Gold:   42         SH:  9    Dex:  9    Spells: 0/0 levels left

rFire    . . .     SeeInvis .   a - +0 flail
rCold    . . .     Faith    .   c - +0 kite shield
rNeg     + . .     Spirit   .   b - +0 scale mail
rPois    ∞         Reflect  .   (no helmet)
rElec    +         Harm     .   (no cloak)
rCorr    .         Rampage  .   (no gloves)
Will     .....                  g - +0 pair of boots
Stlth    ..........             (no amulet)
HPRegen  0.04/turn              (no ring)
MPRegen  0.07/turn              (no ring)

@: no status effects
A: negative energy resistance 1, electricity resistance, unbreathing,
petrification resistance, miasma immunity, AC +2
a: no special abilities


You were on level 1 of the Dungeon.
You visited 1 branch of the dungeon, and saw 2 of its levels.

You collected 42 gold pieces.

Inventory:

Hand Weapons
 a - a +0 flail (weapon)
Armour
 b - a +0 scale mail (worn)
 c - a +0 kite shield (worn)
 g - a +0 pair of boots (worn)
   (You found it on level 1 of the Dungeon)
Scrolls
 h - a scroll of amnesia {unknown}
 i - a scroll of teleportation {unknown}
Potions
 d - 2 potions of might
 e - 3 potions of curing {unknown}
 f - a potion of lignification {unknown}


   Skills:
 - Level 3.2 Fighting
 + Level 2.4 Maces & Flails
 - Level 3.2 Armour
 - Level 3.2 Shields


You couldn't memorise any spells.
You didn't know any spells.
Your spell library was empty.

Dungeon Overview and Level Annotations

Branches:
Dungeon (2/15)

Altars:


Innate Abilities, Weirdness & Mutations

You are resistant to torment.
Your stone body is resilient. (AC +2)
You are immune to poison.
You resist negative energy. (rN+)
You are resistant to electric shocks. (rElec)
You can survive without breathing.
You are immune to petrification.
You are immune to miasma.


Message History

Unknown command.
You struggle against the net.
The gnoll hits you from afar with a +0 spear.
* * * LOW HITPOINT WARNING * * *
The gnoll hits you from afar with a +0 spear.
* * * LOW HITPOINT WARNING * * *
The gnoll hits you but does no damage.
Unknown command.
Unknown command.
You tear a large gash into the net.
The gnoll hits you but does no damage.
The gnoll hits you from afar with a +0 spear.
* * * LOW HITPOINT WARNING * * *
The gnoll hits you but does no damage.
You rip the net and break free!
You block the gnoll's attack. x2
The gnoll barely misses you. The gnoll barely misses you.
You block the gnoll's attack. x2
There is a stone staircase leading up here.
Unknown command.
The gnoll hits you but does no damage. x3
You climb upwards.
There is a stone staircase leading down here.
You block the gnoll's attack.
The gnoll throws a throwing net.
You block the throwing net.
You see here a throwing net {!f}.
There is a stone staircase leading down here.
You climb downwards.
There is a stone staircase leading up here.
You start resting.
A rat is nearby!
You climb upwards.
There is a stone staircase leading down here.
A gnoll is nearby!
You are too injured to fight recklessly!
Unknown command.
You block the gnoll's attack.
Unknown command.
You barely miss the gnoll. The gnoll hits you with a +0 spear.
* * * LOW HITPOINT WARNING * * *
You block the gnoll's attack.
You hit the gnoll. The gnoll barely misses you.
Unknown command.
You thump the gnoll! The gnoll hits you but does no damage.
You block the gnoll's attack.
Unknown command.
You hit the gnoll. You block the gnoll's attack.
Unknown command.
You barely miss the gnoll. The gnoll hits you with a +0 spear.
* * * LOW HITPOINT WARNING * * *
The gnoll hits you with a +0 spear.
You die...

.≈.≈.≈.≈...........#####.#
≈≈≈.≈≈≈≈≈.#.#####.#......#
♣♣≈≈≈♣♣♣≈.#.# ##.###.###
♣≈≈≈♣ ♣≈≈..# ### #.#
♣♣≈.≈♣♣♣≈≈#.# #.#
≈≈≈.≈≈≈≈≈.#.# ### #.#
.≈.≈≈...≈.#.####.## #.#
≈≈≈.≈≈≈≈≈≈......>.# #.#
♣♣≈.≈♣♣♣≈...####@## #.#
♣≈.≈♣ ♣≈....# #g# #.#
♣♣≈.≈♣♣♣≈≈.#.# #.# #.#
≈≈≈.≈≈≈≈≈...># #.# #.#
≈..≈.≈.≈≈.##.# #.# #.#
≈≈≈≈≈≈≈≈≈≈##.###.# #.#
♣♣≈.≈♣♣♣≈≈#..g...# #.#
♣≈≈≈♣ ♣≈....#########.#
♣♣≈.≈♣♣♣≈≈.............#


You could see a gnoll.

Vanquished Creatures
  2 ball pythons (D:1)
  A bat (D:1)
  A frilled lizard (D:1)
  A rat (D:2)
5 creatures vanquished.

Notes
Turn   | Place    | Note
-------+----------+-------------------------------------------
     0 | D:1      | MrTaco21 the Gargoyle Fighter began the quest for the Orb.
     0 | D:1      | Reached XP level 1. HP: 14/14 MP: 1/1
  1177 | D:1      | Slain by a gnoll

Illustrated notes

Levels and vault maps discovered:
D:1:      lightli_arrival_maybe_door_vault, layout_loops_ring,
          chequers_serial_rivers_large_b, kennysheep_boxes
D:2:      layout_loops_ring, elyvilon_altar_3

Action                   || total
-------------------------++-------
Melee: Flail             ||    28
Armor: Scale mail        ||    28
Dodge: Dodged            ||     9
Block: Kite shield       ||    34

Table legend: (Time is in decaauts)
 A = Elapsed time spent in this place.
 B = Non-inter-level travel time spent in this place.
 C = Inter-level travel time spent in this place.
 D = Time resting spent in this place.
 E = Time spent auto-exploring this place.
 F = Levels seen in this place.
 G = Mean time per level.
                   A        B        C        D        E       F      G
               +--------+--------+--------+--------+--------+-----+--------+
         Total |   1243 |   1186 |     57 |    231 |    808 |   2 |  621.5 |
       Dungeon |   1243 |   1186 |     57 |    231 |    808 |   2 |  621.5 |
               +--------+--------+--------+--------+--------+-----+--------+

Top non-repeatable levels by time:
     D:1: 1131 daAuts
     D:2: 112 daAuts
